 Dungeon Crawl Stone Soup version 0.25.1-2-g60ff931df9 (webtiles) character file.

Game seed: 15215648476133030234

177 DogServant the Bolt Thrower (level 5, 29/29 HPs)
             Began as a Kobold Arcane Marksman on Nov 9, 2020.
             Quit the game on level 3 of the Dungeon.
             The game lasted 00:02:35 (2656 turns).

DogServant the Bolt Thrower (KoAM)                  Turns: 2656, Time: 00:02:36

Health: 29/29      AC:  3    Str:  8    XL:     5   Next: 88%
Magic:  6/6        EV: 21    Int: 14    God:
Gold:   125        SH:  0    Dex: 16    Spells: 5/6 levels left

rFire    . . .     SeeInvis .   a - +0 hand crossbow
rCold    . . .     Gourm    .   (shield restricted)
rNeg     . . .     Faith    .   e - +0 robe
rPois    .         Spirit   .   (no helmet)
rElec    .         Reflect  .   i - scarf {repulsion}
rCorr    .         Harm     .   (no gloves)
MR       .....                  h - +0 pair of boots
Stlth    ++........             (no amulet)
HPRegen  0.09/turn              k - +4 ring of evasion
MPRegen  0.10/turn              (no ring)

@: repel missiles
A: small, carnivore
a: no special abilities


You were on level 3 of the Dungeon.
You were very full.

You visited 1 branch of the dungeon, and saw 3 of its levels.

You collected 125 gold pieces.

Inventory:

Hand Weapons
 a - a +0 hand crossbow (weapon)
 j - a +0 dagger
Missiles
 d - 24 bolts (quivered)
Armour
 e - a +0 robe (worn)
 h - a +0 pair of boots (worn)
 i - a scarf of repulsion (worn)
Jewellery
 k - a +4 ring of evasion (left hand)
 q - an uncursed ring of positive energy {unknown}
Scrolls
 b - 3 scrolls of remove curse {unknown}
 c - 3 scrolls of identify {unknown}
 g - 2 scrolls of fog {unknown}
 n - 3 scrolls of blinking {unknown}
 o - 4 scrolls of teleportation {unknown}
 p - a scroll of random uselessness {unknown}
Potions
 m - 2 potions of brilliance {unknown}
Comestibles
 f - 4 rations


   Skills:
 - Level 1.1 Fighting
 + Level 5.0 Crossbows
 - Level 4.0 Dodging
 + Level 3.4 Stealth
 - Level 1.1 Spellcasting
 - Level 3.0 Hexes


You had 5 spell levels left.
You knew the following spells:

 Your Spells              Type           Power        Failure   Level  Hunger
a - Corona                Hex            #......      8%          1    ##.....

Your spell library contained the following spells:

 Spells                   Type           Power        Failure   Level  Hunger
 Slow                     Hex            #.......     12%         2    ###....
 Inner Flame              Hex/Fire       #.......     38%         3    ####...
 Portal Projectile        Hex/Tloc       #.....       38%         3    ####...
 Cause Fear               Hex            #.........   58%         4    #####..
 Leda's Liquefaction      Hex/Erth       #.........   80%         4    #####..


Dungeon Overview and Level Annotations

Branches:
Dungeon (3/15)

Altars:
Qazlal


Innate Abilities, Weirdness & Mutations

You are small and have problems with some larger weapons.
You are carnivorous and can eat meat at any time.


Message History

Key pressed, stopping explore.
d - 15 bolts (gained 7)
Items here: )) [[ รทรท
d - 17 bolts (gained 2)
Things that are here:
a +0 trident; a +0 club
Found a stone staircase leading down.
Things that are here:
a +0 war axe; an orc skeleton
d - 19 bolts (gained 2)
d - 21 bolts (gained 2)
Found a leather armour and 16 stones.
d - 22 bolts (gained 1)
d - 23 bolts (gained 1)
d - 24 bolts (gained 1)
There is a stone staircase leading down here.
You see here a leather armour.
You see here a hunting sling.
Found 16 sling bullets.
Are you sure you want to abandon this character and quit the game? (Confirm with "yes".)

######### ........#
#######.# #... #.#
#.### #.# ....#
#.###########
#.#.#.#.##........#
#.#>#.#)##.#####.##
#.#.#.#.##.# #@#
#.#.#.#.##.# #.#
#.#.#.#.##.# #.#
#.#.#.#.##.# #.#
....#.#.##.# #.#
#.#...#.##.# #.#
#.#.###.##.# #.#
#.#.###.##.# #(#
#.......##.#


There were no monsters in sight!

Vanquished Creatures
  2 orc priests (D:3)
  Terence (D:3)
  A worker ant (D:2)
  2 adders
  A worm (D:3)
  A leopard gecko (D:2)
  2 orcs (D:3)
  A ball python (D:2)
  A bat (D:3)
  9 hobgoblins
  2 jackals (D:1)
  2 quokkas (D:3)
  4 frilled lizards
  8 goblins
  3 kobolds
  2 rats
42 creatures vanquished.

Notes
Turn   | Place    | Note
-------+----------+-------------------------------------------
     0 | D:1      | DogServant the Kobold Arcane Marksman began the quest for
                  | the Orb.
     0 | D:1      | Reached XP level 1. HP: 12/12 MP: 2/2
   197 | D:1      | Reached XP level 2. HP: 16/16 MP: 3/3
   232 | D:1      | Reached skill level 3 in Crossbows
  1073 | D:2      | Reached XP level 3. HP: 10/20 MP: 4/4
  1378 | D:2      | Reached XP level 4. HP: 25/25 MP: 5/5
  1516 | D:2      | Reached skill level 4 in Crossbows
  1694 | D:3      | Found a stormy altar of Qazlal.
  1694 | D:3      | Noticed a water elemental
  1697 | D:3      | Noticed an air elemental
  1697 | D:3      | Noticed a fire elemental
  1697 | D:3      | Noticed an earth elemental
  1803 | D:3      | Found a faded altar of an unknown god.
  1830 | D:3      | Noticed Terence
  1842 | D:3      | Killed Terence
  1842 | D:3      | Reached skill level 1 in Stealth
  2017 | D:3      | Reached XP level 5. HP: 15/29 MP: 6/6
  2329 | D:3      | Reached skill level 5 in Crossbows
  2656 | D:3      | Quit the game

Illustrated notes

Levels and vault maps discovered:
D:1:      minmay_arrival_loop, layout_basic, corexii_hall_statues_i
D:2:      layout_basic
D:3:      minmay_spotlight, layout_basic, first_ration,
          chequers_ecumenical_altar_simple_redux,
          nicolae_qazlal_style_of_elements, uniq_terence

Skill      XL: |  1  2  3  4  5 |
---------------+----------------+-----
Crossbows      | 3 4 5 |  5.0
Dodging        | 3 4 |  4.0
Stealth        | 1 3 |  3.4
Fighting       | |  1.1
Spellcasting   | |  1.1
Hexes          | |  3.0

Action                   |  1- 3 |  4- 6 || total
-------------------------+-------+-------++-------
Melee: Dagger            |    35 |    14 ||    49
 Fire: Hand crossbow     |    40 |    68 ||   108
 Cast: Corona            |       |     5 ||     5
 Stab: Sleeping          |     1 |       ||     1
  Eat: Chunk             |    10 |     3 ||    13
Armor: Robe              |     7 |     5 ||    12
Dodge: Dodged            |    50 |    44 ||    94
